 Dungeon Crawl Stone Soup version 0.19-a0-1457-g32fba05 (webtiles) character file.

712 4thArraOfDagon the Grappler (level 7, -1/59 HPs)
             Began as a Troll Ice Elementalist on Sept 6, 2016.
             Was a Follower of Fedhas.
             Slain by Shenda's ghost (3 damage)
             ... on level 6 of the Dungeon.
             The game lasted 00:07:54 (1464 turns).

4thArraOfDagon the Grappler (TrIE)                  Turns: 1464, Time: 00:07:55

Health: -1/59      AC:  5    Str: 17    XL:     7   Next: 41%
Magic:  10/16      EV: 10    Int: 13    God:    Fedhas [*.....]
Gold:   67         SH:  0    Dex: 10    Spells: 0 memorised, 8 levels left

rFire  . . .     SeeInvis .       - Unarmed
rCold  . . .     Gourm    +     a - +0 robe
rNeg   . . .     Faith    .     (no shield)
rPois  .         Spirit   .     (helmet restricted)
rElec  .         Dismiss  .     (no cloak)
rCorr  .         Reflect  .     (gloves unavailable)
MR     .....     Harm     .     (boots unavailable)
Stlth  +......... Rnd*Tele +    (no amulet)
                                r - ring of magical power
                                g - ring of teleportation

@: lethally poisoned (-1 -> -1)
A: unfitting armour, claws 3, fast metabolism 3, gourmand, regeneration 1,
shaggy fur 1, tough skin 2
a: Evolution, Renounce Religion


You were on level 6 of the Dungeon.
You worshipped Fedhas.
Fedhas was aware of your devotion.
You were not hungry.

You visited 1 branch of the dungeon, and saw 6 of its levels.

You collected 67 gold pieces.

Inventory:

Armour
 a - a +0 robe (worn)
Jewellery
 g - a ring of teleportation (left claw)
 r - a ring of magical power (right claw)
Wands
 h - a wand of digging (21/24)
 o - a wand of slowing (13/48)
Scrolls
 d - 2 scrolls of remove curse
 f - 2 scrolls of teleportation {unknown}
 k - a scroll of fog
 l - a scroll of recharging {unknown}
 m - 6 scrolls of identify {unknown}
 q - 2 scrolls of blinking {unknown}
Potions
 e - a potion of brilliance
Books
 b - a book of Frost

   Spells                             Type                      Level
   a - Freeze                         Ice                          1
   b - Throw Frost                    Conjuration/Ice              2
   c - Ozocubu's Armour               Charms/Ice                   3
   d - Throw Icicle                   Conjuration/Ice              4
   e - Summon Ice Beast               Ice/Summoning                4
Comestibles
 c - 3 bread rations
 i - a beef jerky
 j - 3 meat rations
 p - 4 fruits


   Skills:
 - Level 1.5 Dodging
 - Level 1.1 Stealth
 * Level 8.1 Unarmed Combat
 - Level 1.2 Spellcasting
   Level 0.6 Conjurations
   Level 2.1 Ice Magic


You had 8 spell levels left.
You didn't know any spells.

Dungeon Overview and Level Annotations

Branches:
Dungeon (6/15)             Temple (0/1) D:4

Altars:
Dithmenos
Fedhas
Trog
Yredelemnul
The Shining One

Annotations:
D:6 Shenda's ghost, novice MfFi


Innate Abilities, Weirdness & Mutations

You are too large for most types of armour.
You have claws for hands.
Your metabolism is lightning-fast.
You like to eat raw meat.
Your natural rate of healing is unusually fast.
You are covered in fur. (AC +1)
You have very tough skin. (AC +2)


Message History

The centaur is heavily wounded.
You feel sick. The centaur hits you.
* * * LOW HITPOINT WARNING * * *
Unknown command.
Unknown command.
You claw the centaur!
You kill the centaur!
Your Unarmed Combat skill increases to level 8!
Shenda's ghost says, "You must not succeed where I failed!"
Unknown command.
Unknown command.
Unknown command.
Unknown command.
You feel sick.
Unknown command.
Shenda's ghost hits you.
* * * LOW HITPOINT WARNING * * *
You writhe in agony.
You die...
Fedhas appreciates your contribution to the ecosystem.

########≈#
##W.(....≈#
#####§@######≈≈
##########..§†.##
#....#.....#####
#....(.#####
##....#######
..(.......... ...
##.....###... ..
........##......
#.....#....##.. #
.##


You could see Shenda's ghost.

Vanquished Creatures
  An ogre (D:3)
  A centaur (D:6)
  A big kobold (D:5)
  2 scorpions
  A crimson imp (D:5)
  A centaur zombie (D:6)
  2 orc priests (D:5)
  2 jellies (D:5)
  2 worker ants (D:5)
  2 hound skeletons (D:5)
  A worker ant zombie (D:5)
  3 adders
  An ooze (D:3)
  An adder zombie (D:5)
  An adder skeleton (D:4)
  2 worms
  2 dart slugs
  5 giant geckos (D:5)
  8 orcs
  3 giant cockroaches (D:3)
  2 hobgoblins (D:2)
  A quokka (D:5)
  4 goblins
  6 kobolds
  9 rats
64 creatures vanquished.

Vanquished Creatures (others)
  20 toadstools
20 creatures vanquished.

Grand Total: 84 creatures vanquished

Notes
Turn   | Place    | Note
-------+----------+-------------------------------------------
     0 | D:1      | 4thArraOfDagon the Troll Ice Elementalist began the quest for the Orb.
     0 | D:1      | Reached XP level 1. HP: 16/16 MP: 1/1
   114 | D:2      | Reached skill level 1 in Unarmed Combat
   190 | D:2      | Reached XP level 2. HP: 21/24 MP: 2/2
   193 | D:2      | Reached skill level 2 in Unarmed Combat
   239 | D:3      | Found a basalt altar of Yredelemnul.
   252 | D:3      | 4thArraOfDagon: hi
   253 | D:3      | Found a glowing golden altar of the Shining One.
   273 | D:3      | Found a bloodstained altar of Trog.
   284 | D:3      | Found a blossoming altar of Fedhas.
   288 | D:3      | Became a worshipper of Fedhas Madash
   312 | D:3      | Found a shadowy altar of Dithmenos.
   320 | D:3      | Noticed an ogre
   354 | D:2      | Reached XP level 3. HP: 31/31 MP: 3/3
   524 | D:4      | Reached skill level 3 in Unarmed Combat
   527 | D:4      | Goblin1989: hi
   575 | D:4      | Found a staircase to the Ecumenical Temple.
   709 | D:3      | Killed an ogre
   709 | D:3      | Reached skill level 4 in Unarmed Combat
   709 | D:3      | Reached XP level 4. HP: 7/39 MP: 4/4
   709 | D:3      | Reached XP level 5. HP: 8/45 MP: 5/5
   806 | D:4      | Ultraviolent4: fedhas best god for troll speedrun
   811 | D:4      | Ultraviolent4: imo
   874 | D:4      | Ultraviolent4: D4 temple, nice
   944 | D:4      | Ultraviolent4: o wait
   954 | D:5      | Entered Level 5 of the Dungeon
   964 | D:5      | Reached skill level 5 in Unarmed Combat
  1008 | D:5      | Reached * piety under Fedhas
  1021 | D:5      | Reached XP level 6. HP: 37/53 MP: 6/6
  1041 | D:6      | Noticed Shenda's ghost (novice MfFi)
  1047 | D:6      | Reached skill level 6 in Unarmed Combat
  1154 | D:5      | Reached skill level 7 in Unarmed Combat
  1278 | D:5      | Reached XP level 7. HP: 53/59 MP: 7/7
  1460 | D:6      | Reached skill level 8 in Unarmed Combat
  1464 | D:6      | HP: 2/59 [Shenda's ghost (6)]
  1464 | D:6      | Slain by Shenda's ghost

Vault maps used:
D:1:      minmay_arrival_shattered_statue, serial_bayou_pond_d
D:2:      lemuel_round_altar, first_bread
D:3:      hangedman_ru_absence, nicolae_overflow_quartered_altars,
          grunt_dithmenos_smoke_and_mirrors
D:4:      amethyst_overflow_temple_binary
D:5:      serial_shops, shop_coins, lexackson_kobold_supper
D:6:      serial_shops, kennysheep_mini_moat

Skill      XL: |  1  2  3  4  5  6  7 |
---------------+----------------------+-----
Unarmed Combat | 1 2 4 5 7 8 |  8.1
Dodging        | |  1.5
Stealth        | |  1.1
Spellcasting   | |  1.2
Conjurations   | |  0.6
Ice Magic      | |  2.1

Action                   |  1- 3 |  4- 6 |  7- 9 || total
-------------------------+-------+-------+-------++-------
Melee: Unarmed           |    89 |    95 |    27 ||   211
       Punch             |       |     1 |     2 ||     3
Throw: Throwing net      |       |       |     2 ||     2
  Use: Potion            |     2 |     1 |       ||     3
       Scroll            |       |     3 |     1 ||     4
 Stab: Sleeping          |     2 |       |       ||     2
       Held in net/web   |       |       |     2 ||     2
  Eat: Chunk             |     5 |     5 |       ||    10
       Beef jerky        |       |     1 |       ||     1
Armor: Robe              |    45 |    23 |    14 ||    82
       Skin              |       |    14 |       ||    14
Dodge: Dodged            |    87 |    40 |    16 ||   143
